 Dungeon Crawl Stone Soup version 0.23-a0-61-g4bf3f6c (webtiles) character file.

1651213 magipi the Eclecticist (level 25, 198/198 HPs)
             Began as a Gnoll Summoner on Aug 8, 2018.
             Was the Champion of Ru.
             Escaped with the Orb
             ... and 3 runes on Aug 9, 2018!
             The game lasted 07:19:58 (71660 turns).

magipi the Eclecticist (Gnoll Summoner)            Turns: 71660, Time: 07:19:59

Health: 198/198    AC: 20    Str: 16    XL:     25
Magic:  37/37      EV: 28    Int: 24    God:    Ru [******]
Gold:   3232       SH:  0    Dex: 21    Spells: 2/63 levels left

rFire    + + .     SeeInvis +   a - +9 demon trident (flame)
rCold    + . .     Gourm    .   (shield unavailable)
rNeg     + . .     Faith    .   C - +2 robe {rC+ rF+}
rPois    +         Spirit   .   r - +2 helmet {SInv}
rElec    +         Reflect  .   W - +0 cloak of Lugonu's Envy {*Contam +Blink Dex+4 Slay+3}
rCorr    .         Harm     .   F - +2 pair of gloves of Cuoluh {Regen+}
MR       +++..                  R - +2 pair of boots {Stlth+}
Stlth    +++.......             L - macabre finger necklace {rN+}
HPRegen  0.83/turn              (ring unavailable)
MPRegen  0.25/turn              m - ring of Zuskus {rElec rF+ MR++ Str-3 Int+4}
                                p - ring of Eternal Harmony {rPois Slay+6}

@: studying 2 skills
A: distributed training, fangs 2, thin metallic scales 1, blink, low mp 2,
poison resistance, missing a hand, unskilled 1, inexperienced 1, strong nose
0: Orb of Zot
}: 3/15 runes: decaying, silver, gossamer
a: Blink, Draw Out Power, Power Leap, Apocalypse, Renounce Religion, Evoke Blink


You escaped.
You worshipped Ru.
Ru was exalted by your worship.
You were not hungry.

You visited 9 branches of the dungeon, and saw 49 of its levels.
You also visited: Trove, Bailey and Volcano.

You collected 10057 gold pieces.
You spent 6825 gold pieces at shops.

Inventory:

Hand Weapons
 a - a +9 demon trident of flaming (weapon)
   (You found it in a treasure trove)
 b - the +3 dagger of Kayroor {pierce, SInv}
   (You took it off a yaktaur captain on level 5 of the Vaults)

   It inflicts extra damage upon your enemies.
   It lets you see invisible.
Missiles
 h - 4 throwing nets (quivered)
Armour
 r - a +2 helmet of see invisible (worn)
   (You bought it in a shop on level 4 of the Dungeon)
 C - a +2 robe of resistance (worn)
   (You took it off a wight on level 7 of the Dungeon)
 F - the +2 pair of gloves of Cuoluh (worn) {Regen+}
   (You found it in a treasure trove)

   It increases your rate of regeneration.
 R - a +2 pair of boots of stealth (worn)
   (You acquired it on level 5 of the Vaults)
 W - the +0 cloak of Lugonu's Envy (worn) {*Contam +Blink Dex+4 Slay+3}
   (You found it on level 1 of the Elven Halls)

   It affects your dexterity (+4).
   It affects your accuracy and damage with ranged weapons and melee attacks
   (+3).
   It lets you blink.
   It causes magical contamination when unequipped.
Jewellery
 m - the ring of Zuskus (right hand) {rElec rF+ MR++ Str-3 Int+4}
   (You found it in a treasure trove)

   [ring of intelligence]

   It affects your strength (-3).
   It affects your intelligence (+4).
   It protects you from fire.
   It insulates you from electricity.
   It affects your resistance to hostile enchantments.
 o - an uncursed ring of resist corrosion
   (You took it off a deep elf mage on level 3 of the Elven Halls)
 p - the ring of Eternal Harmony (on amulet) {rPois Slay+6}
   (You bought it in a shop on level 1 of the Orcish Mines)

   [ring of slaying]

   It affects your accuracy and damage with ranged weapons and melee attacks
   (+6).
   It protects you from poison.
 L - the macabre finger necklace (around neck) {rN+}
   (You found it on level 1 of the Elven Halls)

   [amulet of nothing]

   It protects you from negative energy.
Wands
 d - a wand of digging (32)
   (You found it in a treasure trove)
 g - a wand of acid (15)
   (You found it on level 12 of the Dungeon)
 s - a wand of enslavement (50)
   (You bought it in a shop on level 3 of the Elven Halls)
 t - a wand of scattershot (26)
   (You bought it in a shop on level 3 of the Elven Halls)
 z - a wand of paralysis (19)
   (You found it on level 4 of the Swamp)
 U - a wand of polymorph (41)
   (You found it on level 2 of the Lair of Beasts)
 V - a wand of clouds (8)
   (You found it on level 11 of the Dungeon)
 X - a wand of iceblast (22)
   (You took it off a deep elf mage on level 5 of the Vaults)
Scrolls
 j - 19 scrolls of identify
 k - 15 scrolls of teleportation
 n - 29 scrolls of remove curse
 u - 8 scrolls of immolation
 y - 9 scrolls of blinking
 E - 3 scrolls of fog
 O - 9 scrolls of fear
 Q - 2 scrolls of summoning
 Z - 2 scrolls of magic mapping
Potions
 c - 6 potions of resistance
 e - 11 potions of flight
 i - 4 potions of berserk rage
 q - 5 potions of magic
 A - 13 potions of curing
 G - 9 potions of cancellation
 I - 2 potions of heal wounds
 J - 12 potions of mutation
 K - 8 potions of agility
 M - 4 potions of ambrosia
 N - 2 potions of brilliance
 S - a potion of might
Books
 w - a manual of Staves
   (You found it on level 1 of the Elven Halls)
 P - a manual of Spellcasting
   (You found it on level 3 of the Elven Halls)
Miscellaneous
 f - a phial of floods
   (You found it on level 1 of the Swamp)
 v - a lamp of fire
   (You found it on level 2 of the Swamp)
 B - 3 phantom mirrors
 Y - a sack of spiders
Comestibles
 x - 55 rations


   Skills:
 + Level 16.3 Fighting
 + Level 16.3 Short Blades
 + Level 16.3 Long Blades
 + Level 16.3 Axes
 + Level 16.3 Maces & Flails
 + Level 16.3 Polearms
 + Level 19.9 Staves
 + Level 16.3 Slings
 + Level 13.3 Bows
 + Level 16.3 Crossbows
 + Level 16.3 Throwing
 + Level 16.3 Armour
 + Level 16.7 Dodging
 + Level 16.7 Stealth
   Level 0.0 Shields
 + Level 16.3 Unarmed Combat
 + Level 19.9 Spellcasting
 + Level 14.1 Conjurations
 + Level 14.1 Hexes
 + Level 14.1 Charms
 + Level 15.2 Summonings
 + Level 14.1 Necromancy
 + Level 14.1 Translocations
 + Level 14.1 Transmutations
 + Level 14.1 Fire Magic
 + Level 14.1 Ice Magic
 + Level 14.1 Air Magic
 + Level 14.1 Earth Magic
 + Level 14.1 Poison Magic
 + Level 17.6 Invocations
 + Level 16.3 Evocations


You had 2 spell levels left.
You knew the following spells:

 Your Spells              Type           Power        Failure   Level  Hunger
a - Apportation           Tloc           ######       0%          1    None
b - Blink                 Tloc           N/A          0%          2    None
c - Death Channel         Necr           #######...   1%          6    ###....
d - Animate Dead          Necr           N/A          1%          4    None
e - Animate Skeleton      Necr           N/A          0%          1    None
f - Freezing Cloud        Conj/Ice/Air   #######...   1%          6    ###....
g - Malign Gateway        Summ/Tloc      #######...   4%          7    #####..
i - Summon Ice Beast      Ice/Summ       #######.     1%          4    None
k - Borgnjor's Vile Clut  Necr/Erth      #######...   1%          5    None
l - Summon Lightning Spi  Summ/Air       #######.     1%          4    None
o - Ozocubu's Armour      Chrm/Ice       #######.     1%          3    None
r - Regeneration          Chrm/Necr      #######...   1%          3    None
v - Summon Mana Viper     Hex/Summ       #######.     1%          5    None
y - Sticky Flame          Conj/Fire      #######.     1%          4    None
I - Invisibility          Hex            #######.     1%          6    ###....

Your spell library contained the following spells:

 Spells                   Type           Power        Failure   Level  Hunger
 Cause Fear               Hex            #######...   1%          4    None
 Magic Dart               Conj           ####         0%          1    None
 Fireball                 Conj/Fire      #######...   1%          5    None
 Conjure Flame            Conj/Fire      #######.     1%          3    None
 Bolt of Fire             Conj/Fire      #######...   1%          6    ###....
 Lightning Bolt           Conj/Air       #######...   1%          5    None
 Slow                     Hex            #######.     0%          2    None
 Confuse                  Hex            #######.     1%          3    None
 Throw Flame              Conj/Fire      ######       0%          2    None
 Throw Frost              Conj/Ice       ######       0%          2    None
 Controlled Blink         Tloc           N/A          36%         8    ######.
 Mephitic Cloud           Conj/Pois/Air  #######.     1%          3    None
 Ring of Flames           Chrm/Fire      #######...   4%          7    #####..
 Summon Small Mammal      Summ           ####         0%          1    None
 Lehudib's Crystal Spear  Conj/Erth      #######...   36%         8    ######.
 Fire Storm               Conj/Fire      #######...   99%         9    #######
 Iskenderun's Mystic Bla  Conj           #######.     1%          4    None
 Summon Horrible Things   Summ           #######...   24%         8    ######.
 Freeze                   Ice            ####         0%          1    None
 Call Imp                 Summ           #######.     0%          2    None
 Poison Arrow             Conj/Pois      #######...   1%          6    ###....
 Sublimation of Blood     Necr           #######...   0%          2    None
 Tukima's Dance           Hex            #######.     1%          3    None
 Summon Demon             Summ           #######...   1%          5    None
 Summon Greater Demon     Summ           #######...   3%          7    #####..
 Stone Arrow              Conj/Erth      ######       1%          3    None
 Shock                    Conj/Air       ####         0%          1    None
 Swiftness                Chrm/Air       #######.     0%          2    None
 Recall                   Summ/Tloc      N/A          0%          3    None
 Spider Form              Tmut/Pois      #######...   1%          3    None
 Blade Hands              Tmut           #######...   1%          5    None
 Ice Form                 Ice/Tmut       #######.     1%          4    None
 Dragon Form              Tmut           #######...   4%          7    #####..
 Throw Icicle             Conj/Ice       #######.     1%          4    None
 Glaciate                 Conj/Ice       #######...   99%         9    #######
 Airstrike                Air            #######...   1%          4    None
 Shadow Creatures         Summ           N/A          1%          6    ###....
 Confusing Touch          Hex            ######       0%          1    None
 Flame Tongue             Conj/Fire      #####        0%          1    None
 Passwall                 Tmut/Erth      #######.     0%          2    None
 Ignite Poison            Fire/Tmut/Pois #######.     1%          3    None
 Sticks to Snakes         Tmut           #######.     0%          2    None
 Call Canine Familiar     Summ           #######.     0%          3    None
 Ensorcelled Hibernation  Hex/Ice        ######       0%          2    None
 Metabolic Englaciation   Hex/Ice        #######...   1%          5    None
 Summon Butterflies       Summ           #######.     0%          1    None
 Dispersal                Tloc           #######...   1%          6    ###....
 Static Discharge         Conj/Air       #######.     1%          3    None
 Corona                   Hex            #######      0%          1    None
 Alistair's Intoxication  Tmut/Pois      #######.     1%          5    None
 Lee's Rapid Deconstruct  Erth           #######...   1%          5    None
 Sandblast                Erth           ######       0%          1    None
 Simulacrum               Ice/Necr       #######...   1%          6    ###....
 Chain Lightning          Conj/Air       #######...   36%         8    ######.
 Portal Projectile        Hex/Tloc       ######       1%          3    None
 Monstrous Menagerie      Summ           #######...   3%          7    #####..
 Petrify                  Tmut/Erth      #######.     1%          4    None
 Shroud of Golubria       Chrm/Tloc      #######...   0%          2    None
 Inner Flame              Hex/Fire       #######.     1%          3    None
 Aura of Abjuration       Summ           #######...   1%          5    None
 Beastly Appendage        Tmut           ######       0%          1    None
 Disjunction              Tloc           #######...   36%         8    ######.
 Fulminant Prism          Conj/Hex       #######...   1%          4    None
 Dazzling Spray           Conj/Hex       ######       1%          3    None
 Force Lance              Conj/Tloc      #######.     1%          4    None
 Infusion                 Chrm           ####         0%          1    None
 Song of Slaying          Chrm           #######.     0%          2    None
 Spectral Weapon          Hex/Chrm       #######.     1%          3    None
 Searing Ray              Conj           ######       0%          2    None
 Summon Forest            Summ/Tloc      #######...   1%          5    None
 Summon Guardian Golem    Hex/Summ       #######.     0%          3    None
 Dragon's Call            Summ           #######...   98%         9    #######
 Irradiate                Conj/Tmut      #######...   1%          5    None
 Gell's Gravitas          Tloc           #######...   1%          3    None
 Yara's Violent Unravell  Hex/Tmut       #######...   1%          5    None
 Lesser Beckoning         Tloc           #######...   1%          3    None
 Poisonous Vapours        Pois/Air       ######       0%          2    None
 Ignition                 Fire           #######...   36%         8    ######.


Dungeon Overview and Level Annotations

Branches:
Dungeon (15/15)            Temple (0/1) D:7            Lair (6/6) D:10
  Swamp (4/4) Lair:4       Spider (4/4) Lair:4        Slime (0/5) Lair:6
    Orc (2/2) D:9             Elf (3/3) Orc:2        Vaults (5/5) D:13
  Crypt (0/3) Vaults:2     Depths (5/5) D:15            Zot (5/5) Depths:5

Altars:
Ashenzari
Cheibriados
Fedhas
Gozag
Nemelex Xobeh
Ru
Sif Muna
Vehumet
Xom
Jiyva

Shops:
D:4 [   D:6 *((   D:10 [   Orc:1 =   Orc:2 [*:(   Elf:1 [   Elf:3 =}=
Vaults:2 !   Vaults:3 ?   Depths:1 :*[!

Portals:
Hell: Depths:1 Depths:2 Depths:3 Depths:4 Depths:5
Abyss: Depths:1 Depths:4 Depths:5
Pandemonium: Depths:1 Depths:3
Ziggurat: Depths:4

Annotations:
D:12 3 runed doors, Oddysee's ghost, novice GrBe
Elf:2 5 runed doors


Innate Abilities, Weirdness & Mutations

Your experience applies equally to all skills.
You have extremely sharp teeth.
You are missing a hand.
You are somewhat unskilled. (-1 Apt)
You are somewhat inexperienced. (-2 XL)
Your uncanny sense of smell can sniff out nearby items.
You are partially covered in thin metallic scales. (AC +2)
You can translocate small distances at will.
Your magical capacity is very low. (-20% MP)
Your system is resistant to poisons. (rPois)


Message History

There is a stone staircase leading up, spattered with blood here.
You climb upwards.
There is a stone staircase leading down here.
There is a stone staircase leading up here.
You climb upwards.
There is a stone staircase leading down here.
There is a stone staircase leading up here.
You climb upwards.
There is a stone staircase leading down here.
A lich comes into view.
The lich moves out of view.
There is an open door here.
Unknown command.
Unknown command.
You close the door.
Evoke which item? (* to show all) (? for menu, Esc to quit)
Aiming: Dig
Press: ? - help, Shift-Dir - straight line A rock wall.
This square is covered in magical glow.
The rock shatters into small pieces.
There is an open door here.
Unknown command.
There is a stone staircase leading up here.
You climb upwards.
A small abomination comes into view.
There is a stone staircase leading down here.
Dotysm comes into view.
Press: ? - help, v - describe, . - travel
Here: Dotysm The floor.
An Orb Guardian comes into view.
You see here 9 stones.
You feel yourself speed up. The Orb Guardian hits you!!
You see here a leather armour.
You see here a mace.
Evoke which item? (* to show all) (? for menu, Esc to quit)
Aiming: Dig
Press: ? - help, Shift-Dir - straight line This square is covered in magical glow.
The rock shatters into small pieces.
The Orb Guardian is stunned by your will and fails to attack.
An Ice Fiend comes into view.
The Ice Fiend moves out of view.
The Ice Fiend calls on the powers of darkness!
The Orb Guardian convulses!
Your body is wracked with pain!
A soul eater comes into view.
There is a stone staircase leading up here.
Unknown command.
The Orb Guardian is stunned by your will and fails to attack.
You climb upwards.
There is a stone staircase leading down here.
Casting: Summon Mana Viper (safe; 1% risk of failure)
Confirm with . or Enter, or press ? or * to list all spells.
Your skin crawls.
The Orb Guardian misses you.
Unknown command.
You closely miss the Orb Guardian.
The Orb Guardian is heavily wounded.
You barely miss the Orb Guardian.
The Orb Guardian is heavily wounded.
The Orb Guardian hits you.
You barely miss the Orb Guardian.
The Orb Guardian is heavily wounded.
You closely miss the Orb Guardian. You bite the Orb Guardian.
The Orb Guardian is heavily wounded.
The Orb Guardian hits you!
You puncture the Orb Guardian! You burn the Orb Guardian.
You bite the Orb Guardian, but do no damage.
The Orb Guardian is severely wounded.
You impale the Orb Guardian!! You burn the Orb Guardian.
You kill the Orb Guardian!
There is a stone staircase leading down, spattered with blood here.
There is a stone staircase leading down here.
There is a stone staircase leading up here.
You start resting.
A monstrous demonspawn and a black sun come into view.
Unknown command.
You climb upwards.
There is a stone staircase leading down here.
Your extra speed is starting to run out.
There is a stone staircase leading up here.
You start resting.
You feel yourself slow down.
You start resting.
Your skin is crawling a little less now.
Your skin stops crawling.
You start resting.
An Orb Guardian comes into view.
Casting: Regeneration (safe; 1% risk of failure)
Confirm with . or Enter, or press ? or * to list all spells.
Your skin crawls.
You climb upwards.
There is a stone staircase leading down here.
Magic restored.
HP restored.
Your skin is crawling a little less now.
There is an open door here.
Your skin stops crawling.
There is a staircase leading out of the dungeon here.
You have escaped!

#...##...##...##...#######§
#..####..##..####..# ####.
#..####..##..####..# #....
#...##...##...##...# #.###
#..................# #...#
##................## ###.#
######..##..###### #.#
######..##..###### #.#
##........@.......## #.#
#.......(..........# #.#
#...##...##...##...# #.#
#..####..##..####..######.#
###
#..####..##..####..#......#
..#
#...##...##...##...#.######
#.# #........##........#.#
#.# ##'......####......'#.#
#§####.##################..#


There were no monsters in sight!

Vanquished Creatures
  10 ancient liches
  5 orbs of fire
  A juggernaut (Depths:2)
  A greater mummy (Depths:3)
  Margery (Depths:5)
  Saint Roka (Vaults:4)
  A Killer Klown (Zot:5)
  3 curse toes
  Xtahua (Depths:5)
  10 golden dragons
  A golden dragon (shapeshifter) (Depths:1)
  Nikola (Vaults:2)
  3 electric golems
  2 liches
  16 tentacled monstrosities
  Asterion (Elf:3)
  19 Orb Guardians
  A deep elf master archer (Elf:3)
  A titan (Vaults:5)
  7 quicksilver dragons
  A deep elf blademaster (Elf:3)
  6 death cobs
  An ancient champion (Vaults:2)
  8 tengu reavers
  Kirke (D:12)
  10 shadow dragons
  2 draconian monks
  5 sphinxes
  16 storm dragons
  8 fire giants
  7 frost giants
  15 deep elf sorcerers
  3 orc warlords
  5 ghost moths
  18 vault wardens
  4 iron dragons
  5 emperor scorpions
  2 draconian knights
  2 draconian shifters
  A draconian scorcher (Zot:3)
  3 juggernaut zombies (Depths:3)
  4 deep elf elementalists (Elf:3)
  4 draconian stormcallers
  8 ironheart preservers
  2 draconian annihilators
  22 stone giants
  3 war gargoyles
  3 entropy weavers
  4 vampire knights
  15 very ugly things
  7 deep elf annihilators
  5 green draconians
  5 black draconians
  6 deep elf demonologists
  3 white draconians
  6 yellow draconians
  A lorocyproca (Depths:4)
  A dire elephant (Lair:6)
  7 spark wasps
  10 purple draconians
  A crystal guardian (Vaults:2)
  7 red draconians
  A merfolk impaler (Depths:5)
  3 jiangshi (Depths:2)
  17 ettins
  9 fire dragons
  9 deep elf death magi
  12 yaktaur captains
  6 deep elf high priests
  11 ice dragons
  Fannar (Lair:2)
  32 vault guards
  5 rakshasas
  A hell beast (Depths:1)
  A death knight (Vaults:3)
  9 great orbs of eyes
  2 catoblepae
  A spriggan air mage (Depths:4)
  4 hydras
  A hydra (shapeshifter) (Vaults:4)
  7 alligators
  5 death yaks
  14 centaur warriors
  12 ogre magi
  12 dancing weapons
  29 two-headed ogres
  A death yak (shapeshifter) (Vaults:5)
  2 deep troll shamans
  2 spriggan berserkers
  10 deep troll earth magi
  2 vampire magi (Depths:2)
  A tengu warrior (Depths:1)
  6 orc high priests
  A titan zombie (Depths:3)
  18 deep elf knights
  A sun demon (Lair:1)
  A shadow wraith (Vaults:4)
  9 hell knights
  3 skeletal warriors
  An iron troll (Depths:2)
  A spark wasp zombie (Depths:3)
  7 unseen horrors
  3 flayed ghosts
  An unseen horror (shapeshifter) (Vaults:3)
  2 spriggan druids (Swamp:4)
  17 deep trolls
  4 swamp dragons
  4 wizards
  A phantasmal warrior (Vaults:5)
  7 glowing orange brains
  A tengu zombie (Depths:3)
  3 harpies (Vaults:1)
  7 ironbrand convokers
  25 deep elf archers
  18 orc knights
  4 orc sorcerers
  5 necromancers
  2 orb spiders
  59 deep elf magi
  3 frost giant zombies
  23 wolf spiders
  6 elephants
  A fire giant zombie (Depths:3)
  2 fauns (shapeshifter)
  30 ugly things
  A stone giant skeleton (Vaults:3)
  3 cyclopes
  A black mamba (Lair:2)
  14 moths of wrath
  2 centaur zombies
  A rust devil (D:15)
  An elephant (shapeshifter) (Vaults:5)
  A torpor snail (Spider:1)
  2 spriggan zombies (Depths:3)
  Maurice (D:13)
  An orc zombie (Vaults:2)
  13 vault sentinels
  An ice statue (Swamp:3)
  7 spiny frogs
  4 centaur skeletons
  An elf zombie (Depths:3)
  3 komodo dragons
  2 kobold demonologists
  A rime drake (shapeshifter) (Depths:5)
  8 freezing wraiths
  47 yaktaurs
  6 demonic crawlers
  A red devil (Depths:1)
  A queen bee (shapeshifter) (Vaults:4)
  3 tengu conjurers
  12 trolls
  A troll (shapeshifter) (Elf:1)
  A meliai (shapeshifter) (Vaults:5)
  3 guardian mummies (Depths:3)
  13 jumping spiders
  2 wind drakes (shapeshifter) (Vaults:2)
  A meliai (Spider:1)
  2 polar bears (Lair:6)
  A polar bear (shapeshifter) (Elf:3)
  A queen bee (Spider:1)
  10 hornets
  5 tyrant leeches
  A stone giant simulacrum (Vaults:2)
  5 bog bodies
  20 slime creatures
  3 hippogriffs
  A raiju (shapeshifter) (Elf:1)
  3 blink frogs
  3 air elementals
  2 redbacks (shapeshifter)
  3 large abominations (Depths:4)
  3 water elementals
  19 tarantellas
  43 redbacks
  7 spriggans
  5 wyverns
  A wraith (Vaults:3)
  2 shadows
  A tarantella (shapeshifter) (Vaults:2)
  12 yaks
  2 hungry ghosts
  6 fire elementals
  2 hogs (D:12)
  12 vampire mosquitoes
  A chaos spawn (Depths:4)
  10 insubstantial wisps
  10 swamp worms
  4 wargs
  2 acid dragons
  7 water moccasins
  4 floating eyes
  63 orc warriors
  5 porcupines
  10 swamp drakes
  2 sky beasts
  A human zombie (Vaults:2)
  An ettin simulacrum (Vaults:3)
  8 small abominations (Depths:4)
  12 centaurs
  2 ice beasts
  A necrophage (D:10)
  3 wolves (Lair:6)
  A boggart (shapeshifter) (Vaults:4)
  4 boggarts
  21 ogres
  3 human skeletons
  7 crocodiles
  2 big kobolds
  A bullfrog (shapeshifter) (Depths:3)
  8 bullfrogs
  6 earth elementals
  2 human simulacra
  10 wights
  13 killer bees
  4 electric eels
  A bullfrog zombie (D:12)
  2 quasits
  5 crimson imps
  2 hounds
  A jelly (D:13)
  21 orc priests
  2 bullfrog skeletons (D:12)
  17 orc wizards
  2 iron imps
  13 worker ants
  2 iguanas
  7 mummies (Depths:3)
  A worker ant zombie (D:8)
  8 adders
  4 gnolls (Bailey)
  A river rat (D:4)
  2 shadow imps (D:8)
  6 oozes (D:4)
  An adder zombie (D:9)
  2 worms (D:4)
  5 leopard geckos
  51 orcs
  4 bats
  3 giant cockroaches (D:4)
  6 goblins
  5 hobgoblins
  4 jackals
  5 quokkas
  A ball python (D:1)
  A frilled lizard (D:2)
  22 kobolds
  2 leopard gecko skeletons
  2 quokka skeletons
  A quokka zombie (D:9)
  4 rats
  3 plants
1612 creatures vanquished.

Vanquished Creatures (collateral kills)
  2 ancient liches (Zot:5)
  Sojobo (Vaults:2)
  the Lernaean hydra (Swamp:4)
  A Killer Klown (Zot:5)
  3 golden dragons
  6 Orb Guardians (Zot:5)
  5 tentacled monstrosities
  A deep elf blademaster (Elf:3)
  A titan (Vaults:5)
  A thorn hunter (Swamp:1)
  A death cob (Zot:1)
  A tengu reaver (Vaults:2)
  2 storm dragons
  A shadow dragon (Vaults:5)
  A draconian knight (Zot:1)
  3 frost giants
  2 fire giants
  4 vault wardens
  A draconian scorcher (Zot:1)
  An emperor scorpion (Spider:4)
  A deep elf elementalist (Elf:3)
  A draconian annihilator (Zot:5)
  5 stone giants
  3 ironheart preservers (Vaults:2)
  5 very ugly things
  3 entropy weavers
  A deep elf demonologist (Elf:1)
  A black draconian (Zot:4)
  3 red draconians
  2 deep elf annihilators
  A purple draconian (Zot:1)
  A white draconian (Zot:3)
  A yellow draconian (Zot:4)
  2 spark wasps (Depths:5)
  2 fire dragons (Depths:2)
  An ettin (Depths:2)
  A deep elf death mage (Elf:3)
  Snorg (D:11)
  3 ogre magi
  2 jiangshi (Depths:2)
  A great orb of eyes (Vaults:4)
  3 yaktaur captains
  13 hydras
  A spriggan air mage (Depths:2)
  5 rakshasas
  3 ice dragons
  A ghost crab (Swamp:4)
  Harold (D:11)
  3 vault guards (Vaults:2)
  A catoblepas (Lair:6)
  3 centaur warriors
  17 two-headed ogres
  4 alligators
  2 death knights
  8 death yaks
  2 deep troll shamans
  5 orc high priests (Orc:2)
  A tengu warrior (D:15)
  An iron troll (Depths:3)
  7 deep trolls
  2 skeletal warriors (D:15)
  5 swamp dragons
  A spriggan druid (Swamp:4)
  3 deep elf archers
  7 orc knights
  2 ironbrand convokers
  A harpy (Vaults:1)
  A shambling mangrove (Swamp:4)
  2 necromancers (Vaults:4)
  6 deep elf magi
  A phantasmal warrior (D:14)
  9 orb spiders
  11 wolf spiders
  A manticore (D:13)
  2 cyclopes
  15 ugly things
  8 slime creatures
  2 moths of wrath
  3 oklob plants (Lair:2)
  An elephant (Lair:3)
  3 vault sentinels (Vaults:4)
  A black mamba (Lair:4)
  2 kobold demonologists
  6 spiny frogs
  2 centaur skeletons
  2 freezing wraiths
  2 yaktaurs (Vaults:5)
  5 komodo dragons
  A demonic crawler (Spider:3)
  A tengu conjurer (D:15)
  7 tyrant leeches
  13 jumping spiders
  A merfolk (D:14)
  A merfolk (shapeshifter) (Depths:1)
  2 meliai (Spider:1)
  2 bog bodies (Swamp:3)
  2 hornets
  5 blink frogs
  7 hippogriffs
  3 water elementals (Depths:5)
  9 tarantellas
  16 redbacks
  A vampire (D:13)
  A wyvern (Lair:6)
  A hog (D:12)
  3 fire bats (Lair:1)
  12 yaks
  The ghost of Meatbag the Poker, an amateur MfAK of Lugonu (D:3)
  11 vampire mosquitoes
  2 basilisks
  5 swamp worms
  2 wargs
  2 acid dragons (D:15)
  3 water moccasins
  A porcupine (Lair:1)
  A porcupine (shapeshifter) (Vaults:5)
  5 swamp drakes
  A black bear (D:7)
  15 orc warriors
  A sky beast (D:8)
  An eye of draining (D:8)
  13 ogres
  A boggart (Depths:1)
  9 wolves
  5 centaurs
  9 crocodiles
  8 big kobolds
  6 bullfrogs
  A scorpion (D:5)
  10 killer bees
  18 wights
  11 electric eels
  7 crimson imps
  A hound (D:8)
  Crazy Yiuf (D:6)
  A bullfrog skeleton (D:11)
  2 centaur zombies
  A jelly (D:4)
  10 orc priests
  10 orc wizards
  5 worker ants
  A hound zombie (D:6)
  7 gnolls
  3 adders
  2 shadow imps
  4 oozes
  2 leopard geckos
  37 orcs
  3 bats
  2 giant cockroaches
  5 goblins
  2 hobgoblins
  4 jackals
  39 kobolds
  A quokka (D:5)
  3 frilled lizards
  A quokka skeleton (D:5)
  A butterfly (Lair:5)
  2 fungi (Lair:6)
  2 plants (Depths:1)
656 creatures vanquished.

Vanquished Creatures (others)
  An Orb Guardian (Zot:5)
  3 eldritch tentacles
  A death cob (Zot:5)
  A tengu reaver (Vaults:4)
  2 fire giants
  An iron dragon (Vaults:5)
  A deep elf sorcerer (Vaults:5)
  A vault warden (Vaults:5)
  A stone giant (Vaults:4)
  A black draconian (Zot:3)
  A spark wasp (Depths:1)
  A fire dragon (Depths:5)
  An alligator (Swamp:4)
  A two-headed ogre (Vaults:5)
  A dancing weapon (Elf:2)
  A deep troll (Vaults:1)
  A deep elf archer (Elf:2)
  7 deep elf magi
  A cyclops (D:13)
  An orc sorcerer (Elf:1)
  2 moths of wrath (Zot:5)
  A tyrant leech (Swamp:1)
  An air elemental (Elf:2)
  A redback (Spider:2)
  A tarantella (Spider:1)
  A water elemental (Elf:2)
  2 swamp worms
  3 orc warriors
  An ogre (Depths:2)
  A boggart (Depths:1)
  A centaur (Depths:1)
  A crimson imp (D:15)
  An orc priest (Orc:1)
  An orc wizard (Orc:1)
  An adder (D:8)
  An orc (Orc:1)
  A hobgoblin (Bailey)
  A bat (D:3)
  A kobold (D:10)
  14 fungi
  9 plants
  7 toadstools (D:4)
82 creatures vanquished.

Grand Total: 2350 creatures vanquished

Notes
Turn   | Place    | Note
-------+----------+-------------------------------------------
     0 | D:1      | magipi the Gnoll Summoner began the quest for the Orb.
     0 | D:1      | Reached XP level 1. HP: 13/13 MP: 6/6
   282 | D:1      | Reached XP level 2. HP: 19/19 MP: 5/7
   292 | D:1      | Learned a level 2 spell: Call Imp
  1486 | D:2      | Reached XP level 3. HP: 25/25 MP: 3/9
  1494 | D:2      | Learned a level 3 spell: Call Canine Familiar
  1892 | D:3      | Reached skill level 5 in Spellcasting
  2216 | D:3      | Reached skill level 5 in Dodging
  2216 | D:3      | Reached skill level 5 in Stealth
  2216 | D:3      | Reached XP level 4. HP: 36/36 MP: 10/12
  2317 | D:3      | Learned a level 4 spell: Summon Ice Beast
  2322 | D:3      | Learned a level 4 spell: Summon Lightning Spire
  2359 | D:3      | Found a runed door.
  2360 | D:3      | Noticed Meatbag's ghost (amateur MfAK)
  2737 | D:4      | Noticed an ogre
  2839 | D:4      | Found Jihum's Antique Armour Boutique.
  2844 | D:4      | Found a snail-covered altar of Cheibriados.
  3057 | D:4      | Reached XP level 5. HP: 42/42 MP: 3/13
  3270 | D:4      | Killed an ogre
  3519 | D:4      | Reached XP level 6. HP: 48/48 MP: 15/15
  3920 | D:5      | Entered Level 5 of the Dungeon
  4102 | D:5      | Found a sacrificial altar of Ru.
  4110 | D:5      | Became a worshipper of Ru the Awakened
  4290 | D:5      | Found a shattered altar of Ashenzari.
  4721 | D:6      | Found Debuju's Antique Weapon Boutique.
  4787 | D:4      | Bought a glowing helmet for 217 gold pieces
  4846 | D:6      | Got a translucent war axe
  4918 | D:6      | Reached XP level 7. HP: 53/53 MP: 6/16
  5321 | D:6      | Found Riaq's Weapon Emporium.
  5330 | D:6      | Found Inin's Assorted Antiques.
  5363 | D:6      | Bought a scroll of identify for 50 gold pieces
  5363 | D:6      | Bought a scroll of identify for 50 gold pieces
  5363 | D:6      | Identified the +4 war axe of Elanke {holy, rF+ Int+2} (You found it on level 6 of the Dungeon)
  5382 | D:6      | Found a runed door.
  5387 | D:6      | Got a jewelled mace
  5455 | D:6      | Noticed Crazy Yiuf
  5461 | D:6      | Killed Crazy Yiuf
  6098 | D:6      | Gained mutation: You are somewhat inexperienced. (-2 XL) [Ru sacrifice]
  6098 | D:6      | Reached XP level 6. HP: 48/48 MP: 6/15
  6098 | D:6      | Reached XP level 5. HP: 42/42 MP: 6/14
  6098 | D:6      | Reached * piety under Ru
  6098 | D:6      | Reached ** piety under Ru
  6366 | D:7      | Noticed a sky beast
  6376 | D:7      | Killed a sky beast
  6376 | D:7      | Reached XP level 6. HP: 48/48 MP: 7/15
  6425 | D:7      | Found a staircase to the Ecumenical Temple.
  6450 | D:7      | Noticed a hippogriff
  6460 | D:7      | Killed a hippogriff
  6497 | D:7      | Learned a level 3 spell: Tukima's Dance
  6543 | D:7      | Reached XP level 7. HP: 54/54 MP: 3/17
  7204 | D:8      | Reached skill level 5 in Invocations
  7212 | D:8      | Noticed a kobold demonologist
  7218 | D:8      | Noticed a red devil
  7239 | D:7      | Reached XP level 8. HP: 34/61 MP: 11/18
  7975 | D:8      | Noticed a hornet
  7987 | D:8      | Paralysed by a hornet for 2 turns
  7991 | D:8      | Killed a hornet
  8197 | D:8      | Noticed a hippogriff
  8206 | D:8      | Killed a hippogriff
  8301 | D:8      | Noticed a red devil
  8532 | D:8      | Killed a kobold demonologist
  8532 | D:8      | Reached skill level 5 in Fighting
  8532 | D:8      | Reached skill level 5 in Short Blades
  8532 | D:8      | Reached skill level 5 in Long Blades
  8532 | D:8      | Reached skill level 5 in Axes
  8532 | D:8      | Reached skill level 5 in Maces & Flails
  8532 | D:8      | Reached skill level 5 in Polearms
  8532 | D:8      | Reached skill level 5 in Staves
  8532 | D:8      | Reached skill level 5 in Slings
  8532 | D:8      | Reached skill level 5 in Bows
  8532 | D:8      | Reached skill level 5 in Crossbows
  8532 | D:8      | Reached skill level 5 in Throwing
  8532 | D:8      | Reached skill level 5 in Armour
  8532 | D:8      | Reached skill level 5 in Shields
  8532 | D:8      | Reached skill level 5 in Unarmed Combat
  8532 | D:8      | Reached skill level 5 in Evocations
  8532 | D:8      | Reached XP level 9. HP: 56/68 MP: 15/19
  9529 | D:8      | Learned a level 3 spell: Ozocubu's Armour
 10670 | D:9      | Found a staircase to the Orcish Mines.
 10682 | D:9      | Noticed a two-headed ogre
 10697 | D:9      | Killed a two-headed ogre
 10844 | D:9      | Identified the +8 mace of the Vaults {drain, rC- Int+7} (You found it on level 6 of the Dungeon)
 11466 | D:10     | Entered Level 10 of the Dungeon
 11584 | D:10     | Found Vifa's Antique Armour Shop.
 11752 | D:10     | Found a staircase to the Lair.
 11753 | D:10     | Noticed a komodo dragon
 11784 | D:10     | Killed a komodo dragon
 11784 | D:10     | Reached XP level 10. HP: 74/74 MP: 6/21
 11866 | D:10     | Found an opulent altar of Gozag.
 11958 | D:10     | Noticed a deep elf mage
 11960 | D:10     | Killed a deep elf mage
 12515 | D:11     | Noticed Snorg
 12515 | D:11     | Noticed Harold
 12652 | D:11     | Noticed a deep elf mage
 12664 | D:11     | Killed a deep elf mage
 12850 | D:11     | Killed Snorg
 13062 | D:11     | Killed Harold
 13062 | D:11     | Reached skill level 5 in Conjurations
 13062 | D:11     | Reached skill level 5 in Hexes
 13062 | D:11     | Reached skill level 5 in Charms
 13062 | D:11     | Reached skill level 5 in Necromancy
 13062 | D:11     | Reached skill level 5 in Translocations
 13062 | D:11     | Reached skill level 5 in Transmutations
 13062 | D:11     | Reached skill level 5 in Fire Magic
 13062 | D:11     | Reached skill level 5 in Ice Magic
 13062 | D:11     | Reached skill level 5 in Air Magic
 13062 | D:11     | Reached skill level 5 in Earth Magic
 13062 | D:11     | Reached skill level 5 in Poison Magic
 13399 | D:4      | Bought a faintly humming shield for 275 gold pieces
 13476 | D:6      | Bought a fuming dark potion for 22 gold pieces
 13476 | D:6      | Bought a scroll of identify for 50 gold pieces
 13477 | D:6      | Identified the +2 shield "Ugaer" {*Corrode +Blink rPois Regen+} (You bought it in a shop on level 4 of the Dungeon)
 13623 | Lair:1   | Entered Level 1 of the Lair of Beasts
 13715 | Lair:1   | Reached XP level 11. HP: 50/81 MP: 15/23
 13804 | Lair:1   | Found a dark tunnel.
 13826 | Volcano  | Entered a volcano
 13851 | Volcano  | Noticed a sun demon
 14867 | Lair:1   | Killed a sun demon
 15227 | Lair:2   | Noticed Fannar
 15248 | Lair:2   | Noticed an oklob plant
 15257 | Lair:2   | Killed Fannar
 15259 | Lair:2   | Noticed an oklob plant
 15261 | Lair:2   | Noticed an oklob plant
 15506 | Lair:2   | Killed an oklob plant
 15522 | Lair:2   | Killed an oklob plant
 15530 | Lair:2   | Killed an oklob plant
 16088 | Lair:3   | Noticed an eight-headed hydra
 16112 | Lair:3   | Killed an eight-headed hydra
 16279 | Lair:3   | Reached XP level 12. HP: 91/91 MP: 15/24
 16991 | Lair:4   | Found a hole to the Spider Nest.
 17083 | Lair:4   | Noticed a four-headed hydra
 17118 | Lair:4   | Killed a four-headed hydra
 17420 | Lair:4   | Found a staircase to the Swamp.
 17486 | Lair:4   | Noticed a four-headed hydra
 17501 | Lair:4   | Killed a four-headed hydra
 17989 | Lair:5   | Noticed a death yak
 17989 | Lair:5   | Noticed a death yak
 17990 | Lair:5   | Noticed a death yak
 17990 | Lair:5   | Noticed a death yak
 17990 | Lair:5   | Noticed a death yak
 18033 | Lair:5   | Killed a death yak
 18036 | Lair:5   | Killed a death yak
 18047 | Lair:5   | Killed a death yak
 18053 | Lair:5   | Killed a death yak
 18065 | Lair:5   | Killed a death yak
 18797 | D:3      | Killed Meatbag's ghost
 18908 | D:6      | Bought a metal-bound book for 375 gold pieces
 19106 | Lair:6   | Entered Level 6 of the Lair of Beasts
 19139 | Lair:6   | Noticed a death yak
 19225 | Lair:6   | Noticed a five-headed hydra
 19232 | Lair:6   | Killed a five-headed hydra
 19287 | Lair:6   | Noticed a death yak
 19289 | Lair:6   | Noticed a death yak
 19317 | Lair:5   | Killed a death yak
 19437 | Lair:6   | Reached XP level 13. HP: 98/98 MP: 12/26
 20247 | Lair:6   | Found a staircase to the Slime Pits.
 20257 | Lair:6   | Found a viscous altar of Jiyva.
 20882 | Lair:6   | Reached skill level 10 in Summonings
 20920 | Lair:6   | Noticed a dire elephant
 20960 | Lair:6   | Killed a dire elephant
 21070 | Lair:6   | Learned a level 4 spell: Sticky Flame
 21265 | Orc:1    | Entered Level 1 of the Orcish Mines
 21793 | Orc:1    | Found a shimmering altar of Xom.
 21834 | Orc:1    | Found Hotul's Jewellery Shoppe.
 21911 | Orc:2    | Entered Level 2 of the Orcish Mines
 21923 | Orc:2    | Reached skill level 10 in Spellcasting
 22072 | Orc:2    | Found Eguqan's Antique Armour Boutique.
 22184 | Orc:2    | Found a staircase to the Elven Halls.
 22278 | Orc:2    | Noticed an orc warlord
 22453 | Orc:2    | Reached XP level 14. HP: 102/106 MP: 14/28
 22624 | Orc:2    | Killed an orc warlord
 22757 | Orc:2    | Reached skill level 10 in Dodging
 23213 | Orc:2    | Found Ybrutzus's Book Shop.
 23413 | Orc:2    | Found Tiuphol's Antique Weapon Shoppe.
 23681 | Orc:2    | Bought an embroidered cloak for 240 gold pieces
 23778 | Orc:2    | Found Sucup Leotze's General Store.
 23795 | Orc:2    | Bought a scroll of identify for 32 gold pieces
 23795 | Orc:2    | Bought a scroll of identify for 32 gold pieces
 23795 | Orc:2    | Bought a potion of agility for 64 gold pieces
 24094 | D:12     | Noticed Kirke
 24104 | D:12     | Killed Kirke
 24196 | D:12     | Reached skill level 10 in Stealth
 24246 | D:12     | Found a runed gate.
 24246 | D:12     | Found a runed gate.
 24246 | D:12     | Found a runed gate.
 24262 | D:12     | Noticed a green very ugly thing
 24265 | D:12     | Noticed a red very ugly thing
 24553 | D:12     | Found a blossoming altar of Fedhas.
 24998 | D:13     | Noticed Maurice
 25012 | D:13     | Killed Maurice
 25012 | D:13     | Reached skill level 10 in Invocations
 25108 | D:13     | Found a gate to the Vaults.
 25205 | D:13     | Found a flagged portal.
 25257 | Bailey   | Entered a bailey
 25312 | Bailey   | Found an iron altar of Okawaru.
 26080 | D:13     | Found a portal to a secret trove of treasure.
 26159 | D:13     | You paid a toll of 2 scrolls of acquirement to enter a treasure trove
 26160 | Trove    | Entered a treasure trove
 26165 | Trove    | Found the +3 hat of Pondering {ponderous, MR+ MP+10 Int+5}
 26232 | Trove    | Got an ichor-stained shield
 26236 | Trove    | Identified the +5 shield of the Ditch-Digger {MP+9 Dex+5} (You found it in a treasure trove)
 26249 | Trove    | Got a crude bronze ring
 26253 | Trove    | Identified the ring of Zuskus {rElec rF+ MR++ Str-3 Int+4} (You found it in a treasure trove)
 26264 | Trove    | Got a scorched turquoise ring
 26268 | Trove    | Identified the ring "Jocodita" {+Blink rPois MP+9 Str+4 Stlth-} (You found it in a treasure trove)
 26275 | Trove    | Identified the +2 pair of gloves of Cuoluh {Regen+} (You found it in a treasure trove)
 26318 | Trove    | Got a sparkling diamond amulet
 26421 | Trove    | Identified the amulet of Heganail {Reflect Int+4 SH+4} (You found it in a treasure trove)
 26750 | D:13     | Noticed a shadow dragon
 26900 | D:13     | Killed a shadow dragon
 27284 | D:13     | Reached XP level 15. HP: 114/114 MP: 29/29
 28351 | D:15     | Entered Level 15 of the Dungeon
 28470 | D:15     | Found an opulent altar of Gozag.
 29735 | D:15     | Reached skill level 10 in Fighting
 29735 | D:15     | Reached skill level 10 in Short Blades
 29735 | D:15     | Reached skill level 10 in Long Blades
 29735 | D:15     | Reached skill level 10 in Axes
 29735 | D:15     | Reached skill level 10 in Maces & Flails
 29735 | D:15     | Reached skill level 10 in Polearms
 29735 | D:15     | Reached skill level 10 in Staves
 29735 | D:15     | Reached skill level 10 in Slings
 29735 | D:15     | Reached skill level 10 in Bows
 29735 | D:15     | Reached skill level 10 in Crossbows
 29735 | D:15     | Reached skill level 10 in Throwing
 29735 | D:15     | Reached skill level 10 in Armour
 29735 | D:15     | Reached skill level 10 in Shields
 29735 | D:15     | Reached skill level 10 in Unarmed Combat
 29735 | D:15     | Reached skill level 10 in Evocations
 30062 | D:15     | Found a staircase to the Depths.
 30588 | Orc:2    | Bought a book of Unlife for 975 gold pieces
 30596 | Orc:2    | Learned a level 5 spell: Borgnjor's Vile Clutch
 30601 | Orc:2    | Learned a level 4 spell: Animate Dead
 30781 | Swamp:1  | Entered Level 1 of the Swamp
 30933 | Swamp:1  | Found the +15 Maxwell's patent armour {-Cast -Tele rElec MR+ rCorr}
 30950 | Swamp:1  | Noticed a thorn hunter
 30967 | Swamp:1  | Killed a thorn hunter
 32267 | Swamp:3  | Found the ring of the Mage {Wiz MR++ Int+3}
 32568 | Swamp:3  | Found a frozen archway.
 32583 | Swamp:3  | Reached XP level 16. HP: 97/123 MP: 31/31
 32769 | Swamp:4  | Entered Level 4 of the Swamp
 33209 | Swamp:4  | Noticed the 27-headed Lernaean hydra
 33896 | Swamp:4  | Killed the 27-headed Lernaean hydra
 34212 | Swamp:4  | Got a decaying rune of Zot
 34357 | Spider:1 | Entered Level 1 of the Spider Nest
 35097 | Spider:2 | Got a fine amber ring
 35098 | Spider:2 | Identified the ring "Suckal" {rC+ rN++ Slay-4 SInv Stlth-} (You found it on level 2 of the Spider Nest)
 35572 | Spider:3 | Reached XP level 17. HP: 107/131 MP: 22/33
 36211 | Spider:4 | Entered Level 4 of the Spider Nest
 37793 | Spider:4 | Got a gossamer rune of Zot
 37977 | D:10     | Gained mutation: You are missing a hand. [Ru sacrifice]
 37977 | D:10     | Reached *** piety under Ru
 37977 | D:10     | Reached **** piety under Ru
 37977 | D:10     | Reached ***** piety under Ru
 37982 | D:10     | Learned a level 1 spell: Apportation
 38051 | Elf:1    | Entered Level 1 of the Elven Halls
 38065 | Elf:1    | Found Vame's Armour Emporium.
 38379 | Elf:1    | Found a transporter.
 38383 | Elf:1    | Found the macabre finger necklace {rN+}
 38384 | Elf:1    | Found a deep blue altar of Sif Muna.
 38585 | Elf:1    | Reached skill level 1 in Bows
 38914 | Elf:1    | Reached skill level 10 in Conjurations
 38914 | Elf:1    | Reached skill level 10 in Hexes
 38914 | Elf:1    | Reached skill level 10 in Charms
 38914 | Elf:1    | Reached skill level 10 in Necromancy
 38914 | Elf:1    | Reached skill level 10 in Translocations
 38914 | Elf:1    | Reached skill level 10 in Transmutations
 38914 | Elf:1    | Reached skill level 10 in Fire Magic
 38914 | Elf:1    | Reached skill level 10 in Ice Magic
 38914 | Elf:1    | Reached skill level 10 in Air Magic
 38914 | Elf:1    | Reached skill level 10 in Earth Magic
 38914 | Elf:1    | Reached skill level 10 in Poison Magic
 38963 | Elf:1    | Reached XP level 18. HP: 112/139 MP: 3/34
 39842 | Elf:1    | Found a transporter.
 39887 | Elf:1    | Learned a level 2 spell: Blink
 39910 | Elf:1    | Identified the cursed +0 cloak of Lugonu's Envy {*Contam +Blink Dex+4 Slay+3} (You found it on level 1 of the Elven Halls)
 40002 | Elf:1    | Learned a level 6 spell: Freezing Cloud
 40541 | Elf:2    | Found a radiant altar of Vehumet.
 40613 | Elf:2    | Found a huge runed gate.
 40613 | Elf:2    | Found a huge runed gate.
 40613 | Elf:2    | Found a huge runed gate.
 40618 | Elf:2    | Found a huge runed gate.
 40619 | Elf:2    | Found a huge runed gate.
 41283 | Elf:3    | Entered Level 3 of the Elven Halls
 42056 | Elf:3    | Noticed Asterion
 42080 | Elf:3    | Killed Asterion
 42308 | Elf:3    | Reached XP level 19. HP: 115/147 MP: 30/36
 42443 | Elf:3    | Gained mutation: You are somewhat unskilled. (-1 Apt) [Ru sacrifice]
 42443 | Elf:3    | Reached ****** piety under Ru
 42777 | Elf:3    | Reached skill level 10 in Conjurations
 42777 | Elf:3    | Reached skill level 10 in Hexes
 42777 | Elf:3    | Reached skill level 10 in Charms
 42777 | Elf:3    | Reached skill level 10 in Necromancy
 42777 | Elf:3    | Reached skill level 10 in Translocations
 42777 | Elf:3    | Reached skill level 10 in Transmutations
 42777 | Elf:3    | Reached skill level 10 in Fire Magic
 42777 | Elf:3    | Reached skill level 10 in Ice Magic
 42777 | Elf:3    | Reached skill level 10 in Air Magic
 42777 | Elf:3    | Reached skill level 10 in Earth Magic
 42777 | Elf:3    | Reached skill level 10 in Poison Magic
 43055 | Elf:3    | Reached skill level 5 in Bows
 43587 | Elf:3    | Got a brightly glowing silver amulet
 43591 | Elf:3    | Identified the amulet "Xoifamis" {Harm *Drain rElec} (You took it off a deep elf death mage on level 3 of the Elven Halls)
 43644 | Elf:3    | Found Fyuskues's Jewellery Shop.
 43644 | Elf:3    | Found Oduiron's Gadget Shoppe.
 43645 | Elf:3    | Found Izater's Jewellery Shop.
 43652 | Elf:3    | Bought a cursed amulet of inaccuracy for 32 gold pieces
 43652 | Elf:3    | Bought a cursed -3 ring of strength for 32 gold pieces
 43657 | Elf:3    | Bought a wand of scattershot (4) for 336 gold pieces
 43657 | Elf:3    | Bought a wand of enslavement (16) for 252 gold pieces
 43930 | Vaults:1 | Entered Level 1 of the Vaults
 44715 | Vaults:1 | Reached XP level 20. HP: 135/153 MP: 23/36
 45515 | Vaults:2 | Noticed Sojobo
 45792 | Vaults:2 | Killed Sojobo
 45859 | Vaults:2 | Found a staircase to the Crypt.
 46171 | Vaults:2 | Found Lin Okuh's Distillery.
 46177 | Vaults:2 | Bought a potion of heal wounds for 65 gold pieces
 46177 | Vaults:2 | Bought a potion of heal wounds for 65 gold pieces
 46177 | Vaults:2 | Bought a potion of curing for 39 gold pieces
 46731 | Vaults:2 | Noticed Nikola
 46752 | Vaults:2 | Killed Nikola
 47983 | Vaults:3 | Found Zicosh's Magic Scroll Shoppe.
 47987 | Vaults:3 | Bought a scroll of silence for 90 gold pieces
 47987 | Vaults:3 | Bought a scroll of blinking for 90 gold pieces
 47987 | Vaults:3 | Bought a scroll of identify for 24 gold pieces
 47987 | Vaults:3 | Bought a scroll of teleportation for 36 gold pieces
 48053 | Vaults:3 | Learned a level 6 spell: Invisibility
 48715 | Elf:3    | Learned a level 3 spell: Regeneration
 48952 | D:12     | Reached XP level 21. HP: 160/160 MP: 21/38
 48981 | D:12     | Found a runed gate.
 48981 | D:12     | Found a runed gate.
 48988 | D:12     | Found a runed gate.
 48992 | D:12     | Noticed Oddysee's ghost (novice GrBe)
 49326 | Vaults:3 | Got a scorched diamond amulet
 49327 | Vaults:3 | Identified the amulet "Fekawk" {Inacc +Blink rElec MR+++ Dex-2} (You found it on level 3 of the Vaults)
 50831 | Vaults:4 | Noticed Saint Roka
 50852 | Vaults:4 | Killed Saint Roka
 51250 | Vaults:4 | Upgraded the game from 0.23-a0-54-gae6112e to 0.23-a0-61-g4bf3f6c
 51500 | Depths:1 | Entered Level 1 of the Depths
 51500 | Depths:1 | Found a one-way gate leading to the halls of Pandemonium.
 51819 | Depths:1 | Found Zaedei's Assorted Antiques.
 51918 | Depths:1 | Found Fudycsoc's Antique Armour Boutique.
 52026 | Depths:1 | Bought a scroll of teleportation for 93 gold pieces
 52113 | Depths:1 | Found Zeshrarch's Book Shoppe.
 52145 | Depths:1 | Found a one-way gate to the infinite horrors of the Abyss.
 52178 | Depths:1 | Found Vikel's Distillery.
 52315 | Depths:1 | Reached XP level 22. HP: 153/169 MP: 31/40
 52325 | Depths:1 | Bought a potion of brilliance for 56 gold pieces
 52339 | Depths:1 | Found a sparkling altar of Nemelex Xobeh.
 52412 | Depths:1 | Learned a level 1 spell: Animate Skeleton
 52541 | Depths:1 | Found a gateway to Hell.
 52676 | Depths:1 | Found a snail-covered altar of Cheibriados.
 52946 | Depths:1 | Reached skill level 15 in Spellcasting
 53040 | Depths:2 | Reached skill level 15 in Staves
 53421 | Depths:2 | Noticed a juggernaut
 53457 | Depths:2 | Killed a juggernaut
 54073 | Depths:2 | Identified the +10 plate armour of Gestures {rPois rN+ Regen+} (You found it on level 2 of the Depths)
 54951 | Depths:3 | Found a blossoming altar of Fedhas.
 55142 | Depths:3 | Reached XP level 23. HP: 176/176 MP: 39/42
 55885 | Depths:3 | Noticed a greater mummy
 56025 | Depths:3 | Killed a greater mummy
 56149 | Depths:1 | Noticed a golden dragon
 56149 | Depths:1 | an acid blob changed into a golden dragon
 56160 | Depths:1 | Killed a golden dragon
 56953 | Depths:4 | Found a gateway to a ziggurat.
 57631 | Depths:4 | Reached skill level 15 in Invocations
 57931 | Orc:1    | Bought the ring of Eternal Harmony {rPois Slay+6} for 2393 gold pieces
 58200 | Depths:5 | Entered Level 5 of the Depths
 58201 | Depths:5 | Noticed Margery
 58219 | Depths:5 | Killed Margery
 58403 | Depths:5 | Noticed Xtahua
 58421 | Depths:5 | Killed Xtahua
 58856 | Depths:5 | Reached skill level 10 in Bows
 58907 | Depths:5 | Noticed a golden dragon
 58925 | Depths:5 | Killed a golden dragon
 59418 | Depths:5 | Reached XP level 24. HP: 183/185 MP: 39/43
 59430 | Depths:5 | Found a gate to the Realm of Zot.
 59738 | Depths:5 | Learned a level 6 spell: Death Channel
 60084 | Vaults:5 | Entered Level 5 of the Vaults
 60602 | Vaults:5 | Reached skill level 15 in Dodging
 60711 | Vaults:5 | Noticed an ancient lich
 60724 | Vaults:5 | Noticed an ancient lich
 60739 | Vaults:5 | Killed an ancient lich
 60870 | Vaults:5 | Killed an ancient lich
 60870 | Vaults:5 | Reached skill level 15 in Stealth
 61115 | Vaults:5 | Identified the +1 robe of Irphis {rElec rF- rN+} (You took it off a deep elf mage on level 5 of the Vaults)
 61179 | Vaults:5 | Reached XP level 25. HP: 124/193 MP: 22/44
 61254 | Vaults:5 | Identified the cursed +0 pair of boots of Summer {*Slow rCorr Str+4} (You found it on level 5 of the Vaults)
 62109 | Vaults:5 | Identified the +1 ring mail of Cacutwaq {Slay+2} (You found it on level 5 of the Vaults)
 62348 | Vaults:5 | Got a silver rune of Zot
 62661 | Vaults:5 | Identified the +3 dagger of Kayroor {pierce, SInv} (You took it off a yaktaur captain on level 5 of the Vaults)
 62706 | Vaults:5 | Learned a level 7 spell: Malign Gateway
 63013 | Depths:1 | Bought a potion of magic for 112 gold pieces
 63013 | Depths:1 | Bought a potion of curing for 42 gold pieces
 63013 | Depths:1 | Bought 2 potions of curing for 84 gold pieces
 63013 | Depths:1 | Bought a potion of curing for 42 gold pieces
 63013 | Depths:1 | Bought a potion of magic for 112 gold pieces
 63013 | Depths:1 | Bought a potion of cancellation for 112 gold pieces
 63013 | Depths:1 | Bought 3 potions of mutation for 336 gold pieces
 63108 | Zot:1    | Entered Level 1 of the Realm of Zot
 63311 | Zot:1    | Reached skill level 15 in Fighting
 63311 | Zot:1    | Reached skill level 15 in Short Blades
 63311 | Zot:1    | Reached skill level 15 in Long Blades
 63311 | Zot:1    | Reached skill level 15 in Axes
 63311 | Zot:1    | Reached skill level 15 in Maces & Flails
 63311 | Zot:1    | Reached skill level 15 in Polearms
 63311 | Zot:1    | Reached skill level 15 in Slings
 63311 | Zot:1    | Reached skill level 15 in Crossbows
 63311 | Zot:1    | Reached skill level 15 in Throwing
 63311 | Zot:1    | Reached skill level 15 in Armour
 63311 | Zot:1    | Reached skill level 15 in Unarmed Combat
 63311 | Zot:1    | Reached skill level 15 in Evocations
 66040 | Zot:3    | Noticed an orb of fire
 66225 | Zot:3    | Gained mutation: You are partially covered in thin metallic scales. (AC +2) [an orb of fire]
 66227 | Zot:3    | Killed an orb of fire
 66265 | Zot:3    | Learned a level 5 spell: Summon Mana Viper
 66924 | Zot:5    | Entered Level 5 of the Realm of Zot
 67042 | Zot:5    | Noticed an ancient lich
 67108 | Zot:5    | Noticed an ancient lich
 67129 | Zot:5    | Killed an ancient lich
 67152 | Zot:5    | Killed an ancient lich
 67154 | Zot:5    | Noticed a Killer Klown
 67163 | Zot:5    | Killed a Killer Klown
 67171 | Zot:5    | Noticed an ancient lich
 67189 | Zot:5    | Killed an ancient lich
 67219 | Zot:5    | Noticed an ancient lich
 67258 | Zot:5    | Killed an ancient lich
 67335 | Zot:5    | Noticed an ancient lich
 67337 | Zot:5    | Noticed an ancient lich
 67359 | Zot:5    | Killed an ancient lich
 67547 | Zot:5    | Killed an ancient lich
 67665 | Zot:5    | Noticed an ancient lich
 67679 | Zot:5    | Killed an ancient lich
 67976 | Zot:5    | Noticed an ancient lich
 68011 | Zot:5    | Killed an ancient lich
 68260 | Zot:5    | Noticed an orb of fire
 68302 | Zot:5    | Gained mutation: Your magical capacity is low. (-10% MP) [an orb of fire]
 68304 | Zot:5    | Killed an orb of fire
 68453 | Zot:5    | Noticed an ancient lich
 68466 | Zot:5    | Killed an ancient lich
 68466 | Zot:5    | Reached skill level 15 in Summonings
 68564 | Zot:5    | Noticed an ancient lich
 68580 | Zot:5    | Killed an ancient lich
 68841 | Zot:5    | Noticed an orb of fire
 68854 | Zot:5    | Killed an orb of fire
 69098 | Zot:5    | Noticed a Killer Klown
 69118 | Zot:5    | Killed a Killer Klown
 69561 | Zot:5    | Noticed an orb of fire
 69611 | Zot:5    | Noticed an orb of fire
 69615 | Zot:5    | Gained mutation: You are occasionally teleported next to monsters. [an orb of fire]
 69620 | Zot:5    | Gained mutation: You have extremely sharp teeth. [an orb of fire]
 69637 | Zot:5    | Killed an orb of fire
 69783 | Zot:5    | Gained mutation: Your magical capacity is very low. (-20% MP) [an orb of fire]
 69845 | Zot:5    | Gained mutation: You are clumsy. (Dex -2) [an orb of fire]
 69856 | Zot:5    | Gained mutation: Your magical capacity is extremely low. (-30% MP) [an orb of fire]
 69858 | Zot:5    | Killed an orb of fire
 69875 | Zot:5    | Lost mutation: You are occasionally teleported next to monsters. [potion of mutation]
 69875 | Zot:5    | Lost mutation: You are clumsy. (Dex -2) [potion of mutation]
 69875 | Zot:5    | Lost mutation: Your magical capacity is extremely low. (-30% MP) [potion of mutation]
 69875 | Zot:5    | Gained mutation: You can translocate small distances at will. [potion of mutation]
 69875 | Zot:5    | Gained mutation: Your system is resistant to poisons. (rPois) [potion of mutation]
 70945 | Zot:5    | Got the Orb of Zot
 71203 | D:15     | Noticed Heschagi the pandemonium lord
 71268 | D:13     | Noticed Aleo the pandemonium lord
 71506 | D:4      | Noticed Dotysm the pandemonium lord
 71660 | D:$      | Escaped with the Orb!

Vault maps used:
D:1:      minmay_arrival_four_loops
D:2:      hangedman_feature_mirror, serial_park_tiny_1
D:3:      ebering_ghost_reflecting_pool
D:4:      cheibrodos_fertilizer, cheibriados_altar_1, gup_sewer_entry_spiral,
          serial_shops, kennysheep_mini_moat
D:5:      basic_altar, first_ration, nicolae_ru_path_of_blood
D:6:      minmay_goblin_kobold_castle, serial_shops, shop, shop,
          nicolae_shop_window_shopping, uniq_crazy_yiuf_cottage
D:7:      temple_green
D:8:      minmay_goldmine, serial_bayou, serial_bayou_lake_a,
          serial_bayou_lagoon_a, serial_bayou_pond_c, serial_bayou_lagoon_b,
          special_room
D:9:      orc_0_dummy
D:10:     david_lair_shrubbed, serial_shops, shop, basic_altar
D:11:     uniq_snorg, uniq_harold
D:12:     basic_altar, ploomutoo_gammafunk_ghost_potion_laboratory, uniq_kirke
D:13:     minmay_octo_star, david_vaults_5, enter_trove_1, enter_bailey_2,
          uniq_maurice
D:14:     minmay_tree_intersection, hangedman_fish_farm
D:15:     grunt_enter_depths_snipers, nicolae_gozag_seed_capital,
          hangedman_abyss_or_decor_stagger
Lair:1:   nicolae_volcano_entry_batcave, hangedman_lair_generics_rect
Lair:2:   st_stairs_13, minmay_lair_oklob_chamber, serial_bayou_shore_a,
          uniq_fannar
Lair:3:   st_stairs_13
Lair:4:   minmay_swamp_entry_worms, spider_nest_entry_a
Lair:5:   lemuel_fruit_fields
Lair:6:   grunt_lair_end_beastmaster, slime_altar_1, serial_bayou_shore_b
Swamp:1:  evilmike_swamp_ruin_house_2, swamp_pool5
Swamp:2:  evilmike_swamp_ruin_rubble_2, st_swamp_mini
Swamp:3:  portal_ice_cave_entry_ice_statue_one, nicolae_swamp_stair_fork
Swamp:4:  swamp_old_school, infiniplex_staircase_pool
Spider:1: special_room
Spider:3: nicolae_spider_mines_1
Spider:4: grunt_spider_rune_island
Orc:1:    basic_altar, serial_shops, nicolae_shop_crystal
Orc:2:    grunt_orc_gardens, grunt_orc_garden, grunt_orc_garden,
          grunt_orc_garden, grunt_orc_garden, special_room
Elf:1:    gammafunk_sealed_library, special_room, serial_shops,
          nicolae_shop_trees, kennysheep_underground_church,
          hangedman_elf_simple_split
Elf:2:    basic_altar, special_room, minivault_28
Elf:3:    minmay_elf_hall_spiked, spider_trap, minmay_shop_grove, uniq_asterion
Vaults:1: vaults_dpeg_doors, nicolae_vaults_little_squares_1, vaults_room_fours,
          nicolae_vaults_network_s, grunt_vaults_hallway_long,
          ontoclasm_vaults_gallery, vaults_dpeg_diagonal,
          nicolae_vaults_mini_display_case, nicolae_vaults_little_squares_5,
          grunt_vaults_funnel, nicolae_vaults_little_squares_4, v_rooms_2,
          nicolae_vaults_ring_of_whatevers, vaults_mumra_hexcomb
Vaults:2: vaults_standard_mumra_enter_the_diamond, ontoclasm_vaults_shout,
          nicolae_vaults_twisting_passages, minmay_crypt_entry_simple_sparse,
          hangedman_vaults_capsules, v_misc_32, ontoclasm_vaults_shuriken,
          vaults_standard_mumra_x, vaults_room_corners,
          ontoclasm_vaults_ring_square, nicolae_vaults_little_ls, serial_shops,
          shop, uniq_nikola, uniq_sojobo
Vaults:3: v_misc_12, v_misc_10, v_misc_9, nicolae_vaults_circle_grid_b,
          v_misc_12, v_rooms_6, v_misc_27, serial_shops, shop
Vaults:4: vaults_mumra_hex, ontoclasm_vaults_claustrophobia, v_misc_27,
          vaults_dpeg_spiral, vaults_dpeg_cross,
          dpeg_vaults_pockets_of_resistance, dpeg_vaults_monster_box,
          vaults_dpeg_encased_lava, vaults_room_pool, ontoclasm_vaults_gateway,
          nicolae_vaults_alarming, uniq_saint_roka
Depths:1: minmay_sliced_demisemicircle, serial_shops, kennysheep_little_box,
          shop, nicolae_shop_waterfront, nicolae_shop_overgrown_old_shop,
          grunt_mini_vestibule, old_standard_altar, pan_entry, abyss_entry,
          nemelex_diamond_rough_becter
Depths:2: hangedman_cross_stitches, minmay_misc_feat_plants,
          pf_dread_powers_of_hell, minmay_staircase_windowed_small
Depths:3: lemuel_minitomb, pf_hell_entry_tar_spiral, serial_sigils,
          serial_sigils_hangedman_scratch, serial_sigils_hangedman_snap,
          serial_sigils_hangedman_shear, serial_sigils_hangedman_stare,
          grunt_pan_entry_sceptre, basic_altar, infiniplex_staircase_pool_2
Depths:4: cell_vault, enter_ziggurat_b, minmay_room_of_horrors,
          minmay_misc_feat_hallway, grunt_hell_entry_dis_mu, pan_entry,
          basic_stair_grate_trap
Depths:5: grunt_zot_entry_bicorn, serial_bayou_pond_a, abyss_entry, hell_entry,
          kennysheep_random_hallway, uniq_xtahua, uniq_margery
Zot:2:    st_stairs_14
Zot:4:    grunt_ministairs_10, st_stairs_12
Trove:    trove_dig
Bailey:   bailey_axe_of_yendor_kennysheep, bailey
Volcano:  volcano_pools

Skill      XL: |  1  2  3  4  5  6  7  8  9 10 11 12 13 14 15 16 17 18 19 20 21 22 23 24 25 |
---------------+----------------------------------------------------------------------------+-----
Spellcasting   | 6 7 8 9 10 11 12 13 12 13 14 15 16 17 19 | 19.9
Fighting       | 3 4 5 6 7 8 9 10 11 12 12 13 14 16 | 16.3
Short Blades   | 3 4 5 6 7 8 9 10 11 12 12 13 14 16 | 16.3
Long Blades    | 3 4 5 6 7 8 9 10 11 12 12 13 14 16 | 16.3
Axes           | 3 4 5 6 7 8 9 10 11 12 12 13 14 16 | 16.3
Maces & Flails | 3 4 5 6 7 8 9 10 11 12 12 13 14 16 | 16.3
Polearms       | 3 4 5 6 7 8 9 10 11 12 12 13 14 16 | 16.3
Staves         | 3 4 5 6 7 8 9 10 11 12 13 14 15 16 17 19 | 19.9
Slings         | 3 4 5 6 7 8 9 10 11 12 12 13 14 16 | 16.3
Bows           | 3 4 5 6 7 8 9 10 11 1 4 5 7 8 9 10 11 13 | 13.3
Crossbows      | 3 4 5 6 7 8 9 10 11 12 12 13 14 16 | 16.3
Throwing       | 3 4 5 6 7 8 9 10 11 12 12 13 14 16 | 16.3
Armour         | 3 4 5 6 7 8 9 10 11 12 12 13 14 16 | 16.3
Dodging        | 5 6 7 8 9 10 11 12 13 12 13 14 15 16 | 16.7
Stealth        | 5 6 7 8 9 10 11 12 12 13 14 15 16 | 16.7
Shields        | 3 4 5 6 7 8 9 10 11 0 |  0.0
Unarmed Combat | 3 4 5 6 7 8 9 10 11 12 12 13 14 16 | 16.3
Conjurations   | 3 4 5 6 7 8 9 10 10 11 12 14 | 14.1
Hexes          | 3 4 5 6 7 8 9 10 10 11 12 14 | 14.1
Charms         | 3 4 5 6 7 8 9 10 10 11 12 14 | 14.1
Necromancy     | 3 4 5 6 7 8 9 10 10 11 12 14 | 14.1
Translocations | 3 4 5 6 7 8 9 10 10 11 12 14 | 14.1
Transmutations | 3 4 5 6 7 8 9 10 10 11 12 14 | 14.1
Fire Magic     | 3 4 5 6 7 8 9 10 10 11 12 14 | 14.1
Ice Magic      | 3 4 5 6 7 8 9 10 10 11 12 14 | 14.1
Air Magic      | 3 4 5 6 7 8 9 10 10 11 12 14 | 14.1
Earth Magic    | 3 4 5 6 7 8 9 10 10 11 12 14 | 14.1
Poison Magic   | 3 4 5 6 7 8 9 10 10 11 12 14 | 14.1
Invocations    | 4 5 6 7 8 9 10 11 12 13 13 14 15 17 | 17.6
Evocations     | 3 4 5 6 7 8 9 10 11 12 12 13 14 16 | 16.3
Summonings     | 8 9 10 11 12 11 12 13 15 | 15.2

Action                   |  1- 3 |  4- 6 |  7- 9 | 10-12 | 13-15 | 16-18 | 19-21 | 22-24 | 25-27 || total
-------------------------+-------+-------+-------+-------+-------+-------+-------+-------+-------++-------
Melee: Short sword       |    12 |    10 |       |       |       |       |       |       |       ||    22
       Dagger            |    12 |       |     6 |    20 |   185 |    50 |    57 |    30 |    41 ||   401
       Bite              |     1 |     5 |    27 |    49 |   181 |    86 |   114 |   146 |   138 ||   747
       Whip              |       |    62 |   250 |   317 |   648 |       |       |       |       ||  1277
       War axe           |       |     1 |       |       |       |       |       |       |       ||     1
       Punch             |       |       |     5 |     4 |       |       |       |       |       ||     9
       Demon trident     |       |       |       |       |   647 |  1003 |   873 |  1029 |   829 ||  4381
Throw: Throwing net      |       |       |       |       |       |       |       |     3 |     3 ||     6
 Cast: Summon Small Mamm |     6 |     1 |       |       |       |       |       |       |       ||     7
       Call Imp          |    15 |     6 |       |       |       |       |       |       |       ||    21
       Call Canine Famil |       |    11 |    10 |     8 |     3 |     1 |       |       |       ||    33
       Summon Lightning  |       |     7 |    25 |    14 |    66 |     3 |    16 |    24 |     7 ||   162
       Summon Ice Beast  |       |     8 |    83 |   121 |   101 |    53 |    10 |     6 |     5 ||   387
       Ozocubu's Armour  |       |       |     2 |    24 |    55 |    18 |    21 |    29 |    12 ||   161
       Tukima's Dance    |       |       |     2 |       |       |       |       |       |       ||     2
       Animate Dead      |       |       |       |       |    12 |    53 |    55 |    44 |    34 ||   198
       Sticky Flame      |       |       |       |       |     4 |     9 |    48 |    46 |    46 ||   153
       Borgnjor's Vile C |       |       |       |       |     2 |   142 |   116 |   127 |    70 ||   457
       Freezing Cloud    |       |       |       |       |       |     2 |     7 |     7 |     1 ||    17
       Apportation       |       |       |       |       |       |       |     5 |     1 |     2 ||     8
       Regeneration      |       |       |       |       |       |       |    14 |    44 |    38 ||    96
       Invisibility      |       |       |       |       |       |       |     1 |     1 |     7 ||     9
       Animate Skeleton  |       |       |       |       |       |       |       |    20 |    15 ||    35
       Summon Mana Viper |       |       |       |       |       |       |       |       |    28 ||    28
       Blink             |       |       |       |       |       |       |       |       |     3 ||     3
       Death Channel     |       |       |       |       |       |       |       |       |     2 ||     2
       Malign Gateway    |       |       |       |       |       |       |       |       |     2 ||     2
Invok: Sacrifice Experie |       |     1 |       |       |       |       |       |       |       ||     1
       Reject Sacrifices |       |       |       |     1 |     2 |       |       |       |       ||     3
       Sacrifice a Hand  |       |       |       |       |       |     1 |       |       |       ||     1
       Apocalypse        |       |       |       |       |       |       |     2 |     1 |       ||     3
       Sacrifice Skill   |       |       |       |       |       |       |     1 |       |       ||     1
       Draw Out Power    |       |       |       |       |       |       |       |     6 |     4 ||    10
 Abil: Evoke Blink       |       |       |       |     1 |     4 |       |       |       |       ||     5
       Evoke Invisibilit |       |       |       |       |     9 |     2 |     1 |       |       ||    12
Evoke: Wand              |       |       |       |    11 |    37 |     8 |     6 |     9 |    30 ||   101
       Lamp of fire      |       |       |       |       |       |     1 |       |     2 |       ||     3
       Phantom mirror    |       |       |       |       |       |       |     1 |       |       ||     1
       Box of beasts     |       |       |       |       |       |       |       |       |     1 ||     1
  Use: Scroll            |     7 |     6 |    12 |    14 |    17 |    15 |     8 |     3 |    16 ||    98
       Potion            |     1 |       |     1 |     1 |     4 |     7 |       |     9 |    22 ||    45
 Stab: Sleeping          |     5 |     7 |     7 |    15 |    50 |    25 |    35 |    13 |    27 ||   184
       Distracted        |       |       |     4 |     7 |    33 |    20 |    33 |    37 |    33 ||   167
       Invisible         |       |       |       |     3 |    18 |     7 |    20 |    15 |    26 ||    89
       Paralysed         |       |       |       |       |       |       |     8 |     9 |     9 ||    26
       Held in net/web   |       |       |       |       |       |       |       |     2 |     3 ||     5
  Eat: Chunk             |     4 |     5 |    25 |    10 |    26 |    20 |    21 |    14 |     4 ||   129
       Ration            |       |     2 |     3 |     7 |     9 |     7 |     8 |     6 |    10 ||    52
Armor: Robe              |     5 |       |       |    60 |   237 |   228 |   139 |   153 |   147 ||   969
       Leather armour    |       |    11 |    54 |    15 |       |       |       |       |       ||    80
Dodge: Dodged            |    42 |    41 |   166 |   153 |   638 |   573 |   500 |   658 |   520 ||  3291
Block: Shield            |       |       |       |   145 |   768 |   391 |       |       |       ||  1304

Table legend:
 A = Non-vault XP
 B = Vault XP
 C = Vault XP percentage of total XP
 D = Non-vault monster count
 E = Vault monster count
 F = Vault count percentage of total count
 G = Total turns spent on level
                 A         B        C        D         E       F
            +---------+---------+-------+---------+---------+-------
      Total | 1010984 |  418430 |  29.3 |    2040 |     251 |  11.0
            +---------+---------+-------+---------+---------+-------
        D:1 |      18 |       0 |   0.0 |      13 |       0 |   0.0
        D:2 |      18 |       0 |   0.0 |      15 |       0 |   0.0
        D:3 |     129 |       0 |   0.0 |      10 |       0 |   0.0
        D:4 |     252 |       0 |   0.0 |      37 |       0 |   0.0
        D:5 |     169 |       0 |   0.0 |      10 |       0 |   0.0
        D:6 |     662 |       0 |   0.0 |      62 |       0 |   0.0
        D:7 |     852 |       0 |   0.0 |      20 |       0 |   0.0
        D:8 |    2034 |       0 |   0.0 |      59 |       0 |   0.0
        D:9 |    1011 |       0 |   0.0 |      20 |       0 |   0.0
       D:10 |    1826 |       0 |   0.0 |      35 |       0 |   0.0
       D:11 |    3211 |       0 |   0.0 |      23 |       0 |   0.0
       D:12 |    9896 |       0 |   0.0 |      44 |       0 |   0.0
       D:13 |   17453 |       0 |   0.0 |      48 |       0 |   0.0
       D:14 |    8478 |       0 |   0.0 |      32 |       0 |   0.0
       D:15 |   14607 |    1333 |   8.4 |      48 |       2 |   4.0
     Lair:1 |    4477 |       0 |   0.0 |      26 |       0 |   0.0
     Lair:2 |    4053 |       0 |   0.0 |      16 |       0 |   0.0
     Lair:3 |    2777 |       0 |   0.0 |      14 |       0 |   0.0
     Lair:4 |    4692 |       0 |   0.0 |      30 |       0 |   0.0
     Lair:5 |    6880 |       0 |   0.0 |      24 |       0 |   0.0
     Lair:6 |   13803 |       0 |   0.0 |      47 |       0 |   0.0
    Swamp:1 |    9566 |       0 |   0.0 |      33 |       0 |   0.0
    Swamp:2 |    3960 |       0 |   0.0 |      18 |       0 |   0.0
    Swamp:3 |    6334 |       0 |   0.0 |      26 |       0 |   0.0
    Swamp:4 |   28983 |       0 |   0.0 |      63 |       0 |   0.0
   Spider:1 |   13114 |       0 |   0.0 |      58 |       0 |   0.0
   Spider:2 |    9160 |       0 |   0.0 |      29 |       0 |   0.0
   Spider:3 |   16844 |       0 |   0.0 |      54 |       0 |   0.0
   Spider:4 |   28401 |       0 |   0.0 |      59 |       0 |   0.0
      Orc:1 |    5174 |       0 |   0.0 |      53 |       0 |   0.0
      Orc:2 |    9926 |       0 |   0.0 |      51 |       0 |   0.0
      Elf:1 |   33516 |       0 |   0.0 |      68 |       0 |   0.0
      Elf:2 |   36838 |       0 |   0.0 |      73 |       0 |   0.0
      Elf:3 |   67175 |       0 |   0.0 |      69 |       0 |   0.0
   Vaults:1 |   46297 |       0 |   0.0 |      77 |       0 |   0.0
   Vaults:2 |   56720 |       0 |   0.0 |      77 |       0 |   0.0
   Vaults:3 |   23966 |       0 |   0.0 |      36 |       0 |   0.0
   Vaults:4 |   71329 |       0 |   0.0 |      96 |       0 |   0.0
   Vaults:5 |   29028 |  145504 |  83.4 |      54 |     102 |  65.4
   Depths:1 |   37177 |   14959 |  28.7 |      55 |      16 |  22.5
   Depths:2 |   47988 |   15888 |  24.9 |      70 |      14 |  16.7
   Depths:3 |   40881 |   17640 |  30.1 |      57 |      24 |  29.6
   Depths:4 |   23500 |    4044 |  14.7 |      25 |      16 |  39.0
   Depths:5 |   36643 |   36278 |  49.7 |      41 |      27 |  39.7
      Zot:1 |   51640 |       0 |   0.0 |      29 |       0 |   0.0
      Zot:2 |   33251 |    1285 |   3.7 |      17 |       1 |   5.6
      Zot:3 |   71706 |       0 |   0.0 |      39 |       0 |   0.0
      Zot:4 |   39496 |    6231 |  13.6 |      21 |       3 |  12.5
      Zot:5 |   31957 |  175268 |  84.6 |      18 |      46 |  71.9
     Bailey |    3116 |       0 |   0.0 |      41 |       0 |   0.0
            +---------+---------+-------+---------+---------+-------

Action                   |  1- 3 |  4- 6 |  7- 9 | 10-12 | 13-15 | 16-18 | 19-21 | 22-24 | 25-27 || total
-------------------------+-------+-------+-------+-------+-------+-------+-------+-------+-------++-------
Melee: Short sword       |    12 |    10 |       |       |       |       |       |       |       ||    22
       Dagger            |    12 |       |     6 |    20 |   185 |    50 |    57 |    30 |    41 ||   401
       Bite              |     1 |     5 |    27 |    49 |   181 |    86 |   114 |   146 |   138 ||   747
       Whip              |       |    62 |   250 |   317 |   648 |       |       |       |       ||  1277
       War axe           |       |     1 |       |       |       |       |       |       |       ||     1
       Punch             |       |       |     5 |     4 |       |       |       |       |       ||     9
       Demon trident     |       |       |       |       |   647 |  1003 |   873 |  1029 |   829 ||  4381
Throw: Throwing net      |       |       |       |       |       |       |       |     3 |     3 ||     6
 Cast: Summon Small Mamm |     6 |     1 |       |       |       |       |       |       |       ||     7
       Call Imp          |    15 |     6 |       |       |       |       |       |       |       ||    21
       Call Canine Famil |       |    11 |    10 |     8 |     3 |     1 |       |       |       ||    33
       Summon Lightning  |       |     7 |    25 |    14 |    66 |     3 |    16 |    24 |     7 ||   162
       Summon Ice Beast  |       |     8 |    83 |   121 |   101 |    53 |    10 |     6 |     5 ||   387
       Ozocubu's Armour  |       |       |     2 |    24 |    55 |    18 |    21 |    29 |    12 ||   161
       Tukima's Dance    |       |       |     2 |       |       |       |       |       |       ||     2
       Animate Dead      |       |       |       |       |    12 |    53 |    55 |    44 |    34 ||   198
       Sticky Flame      |       |       |       |       |     4 |     9 |    48 |    46 |    46 ||   153
       Borgnjor's Vile C |       |       |       |       |     2 |   142 |   116 |   127 |    70 ||   457
       Freezing Cloud    |       |       |       |       |       |     2 |     7 |     7 |     1 ||    17
       Apportation       |       |       |       |       |       |       |     5 |     1 |     2 ||     8
       Regeneration      |       |       |       |       |       |       |    14 |    44 |    38 ||    96
       Invisibility      |       |       |       |       |       |       |     1 |     1 |     7 ||     9
       Animate Skeleton  |       |       |       |       |       |       |       |    20 |    15 ||    35
       Summon Mana Viper |       |       |       |       |       |       |       |       |    28 ||    28
       Blink             |       |       |       |       |       |       |       |       |     3 ||     3
       Death Channel     |       |       |       |       |       |       |       |       |     2 ||     2
       Malign Gateway    |       |       |       |       |       |       |       |       |     2 ||     2
Invok: Sacrifice Experie |       |     1 |       |       |       |       |       |       |       ||     1
       Reject Sacrifices |       |       |       |     1 |     2 |       |       |       |       ||     3
       Sacrifice a Hand  |       |       |       |       |       |     1 |       |       |       ||     1
       Apocalypse        |       |       |       |       |       |       |     2 |     1 |       ||     3
       Sacrifice Skill   |       |       |       |       |       |       |     1 |       |       ||     1
       Draw Out Power    |       |       |       |       |       |       |       |     6 |     4 ||    10
 Abil: Evoke Blink       |       |       |       |     1 |     4 |       |       |       |       ||     5
       Evoke Invisibilit |       |       |       |       |     9 |     2 |     1 |       |       ||    12
Evoke: Wand              |       |       |       |    11 |    37 |     8 |     6 |     9 |    30 ||   101
       Lamp of fire      |       |       |       |       |       |     1 |       |     2 |       ||     3
       Phantom mirror    |       |       |       |       |       |       |     1 |       |       ||     1
       Box of beasts     |       |       |       |       |       |       |       |       |     1 ||     1
  Use: Scroll            |     7 |     6 |    12 |    14 |    17 |    15 |     8 |     3 |    16 ||    98
       Potion            |     1 |       |     1 |     1 |     4 |     7 |       |     9 |    22 ||    45
 Stab: Sleeping          |     5 |     7 |     7 |    15 |    50 |    25 |    35 |    13 |    27 ||   184
       Distracted        |       |       |     4 |     7 |    33 |    20 |    33 |    37 |    33 ||   167
       Invisible         |       |       |       |     3 |    18 |     7 |    20 |    15 |    26 ||    89
       Paralysed         |       |       |       |       |       |       |     8 |     9 |     9 ||    26
       Held in net/web   |       |       |       |       |       |       |       |     2 |     3 ||     5
  Eat: Chunk             |     4 |     5 |    25 |    10 |    26 |    20 |    21 |    14 |     4 ||   129
       Ration            |       |     2 |     3 |     7 |     9 |     7 |     8 |     6 |    10 ||    52
Armor: Robe              |     5 |       |       |    60 |   237 |   228 |   139 |   153 |   147 ||   969
       Leather armour    |       |    11 |    54 |    15 |       |       |       |       |       ||    80
Dodge: Dodged            |    42 |    41 |   166 |   153 |   638 |   573 |   500 |   658 |   520 ||  3291
Block: Shield            |       |       |       |   145 |   768 |   391 |       |       |       ||  1304
